 Dungeon Crawl Stone Soup version 0.27.1-3-gb3d3a73c9e (webtiles) character file.

Game seed: 10658345945850151641

3436 pkoi the Grappler (level 9, -2/84 HPs)
             Began as a Troll Gladiator on Oct 25, 2021.
             Was a Follower of Dithmenos.
             Slain by Gastronok (29 damage)
             ... on level 8 of the Dungeon.
             The game lasted 00:07:02 (5399 turns).

pkoi the Grappler (Troll Gladiator)                 Turns: 5399, Time: 00:07:02

Health: -2/84      AC:  7    Str: 27    XL:     9   Next: 77%
Magic:  8/8        EV: 12    Int:  4    God:    Dithmenos [*.....]
Gold:   413        SH:  0    Dex: 17    Spells: 8/8 levels left

rFire    . . .     SeeInvis +     - Unarmed
rCold    . . .     Faith    .   (no shield)
rNeg     . . .     Spirit   .   a - +0 robe
rPois    .         Reflect  .   b - +0 hat
rElec    .         Harm     .   o - +2 cloak
rCorr    .         Rampage  .   (gloves unavailable)
Will     .....                  (boots unavailable)
Stlth    ++........             (no amulet)
HPRegen  1.24/turn              n - ring of see invisible
MPRegen  0.11/turn              q - +6 ring of dexterity

@: wreathed by umbra
A: large, unfitting armour, claws 3, regeneration 1, shaggy fur 1, tough skin 1
a: Renounce Religion


You were on level 8 of the Dungeon.
You worshipped Dithmenos.
Dithmenos was aware of your devotion.
You visited 2 branches of the dungeon, and saw 9 of its levels.

You collected 413 gold pieces.

Inventory:

Missiles
 c - 3 throwing nets (quivered)
 j - 3 boomerangs
Armour
 a - a +0 robe (worn)
 b - a +0 hat (worn)
 o - a +2 cloak (worn)
Jewellery
 n - a ring of see invisible (left claw)
 q - a +6 ring of dexterity (right claw)
 t - a ring of magical power
 y - a ring of magical power
 A - a ring of resist corrosion
 D - a ring of flight
Wands
 r - a wand of iceblast (5)
 s - a wand of digging (4)
Scrolls
 f - 3 scrolls of magic mapping {unknown}
 h - 4 scrolls of identify {unknown}
 k - a scroll of amnesia
 l - 2 scrolls of enchant weapon
 u - 2 scrolls of teleportation
 x - a scroll of silence
Potions
 d - a potion of heal wounds
 e - 4 potions of curing {unknown}
 g - a potion of berserk rage {unknown}
 i - 3 potions of flight {unknown}
 m - a potion of brilliance {unknown}
 p - a potion of attraction {unknown}
 v - a potion of mutation {unknown}
 w - a potion of resistance {unknown}
 z - a potion of ambrosia {unknown}
 B - a potion of degeneration {unknown}
 C - a potion of lignification {unknown}


   Skills:
 + Level 4.2 Fighting
 + Level 4.6 Throwing
 + Level 3.9 Armour
 + Level 4.6 Dodging
 + Level 2.0 Stealth
 + Level 9.9 Unarmed Combat


You had 8 spell levels left.
You didn't know any spells.
Your spell library contained the following spells:

 Spells                   Type           Power      Damage    Failure   Level
 Summon Small Mammal      Summ           0%         N/A       50%         1
 Ensorcelled Hibernation  Hex/Ice        0%         N/A       65%         2
 Static Discharge         Conj/Air       0%         N/A       65%         2
 Call Canine Familiar     Summ           0%         N/A       86%         3
 Spider Form              Tmut/Pois      0%         N/A       86%         3
 Summon Guardian Golem    Hex/Summ       0%         N/A       86%         3
 Dispel Undead            Necr           0%         3d6       99%         4
 Sticky Flame             Conj/Fire      0%         2d3       99%         4
 Shadow Creatures         Summ           N/A        N/A       100%        6


Dungeon Overview and Level Annotations

Branches:
Dungeon (8/15)             Temple (1/1) D:6
   Lair: D:8-11

Altars:
Ashenzari
Cheibriados
Dithmenos
Elyvilon
Gozag
Hepliaklqana
Kikubaaqudgha
Makhleb
Nemelex Xobeh
Okawaru
Qazlal
Sif Muna
Trog
Uskayaw
Vehumet
Wu Jian
Xom
Yredelemnul
Zin

Shops:
D:3 *

Annotations:
D:2 Sigmund
D:6 2 transporters, babuloseo's ghost, amateur HuGl
D:8 Gastronok


Innate Abilities, Weirdness & Mutations

You are too large for most types of armour.
You have claws for hands.
Your natural rate of healing is unusually fast.
You are covered in fur. (AC +1)
You have tough skin. (AC +1)


Message History

The jelly is severely wounded.
The jelly closely misses you.
You mangle the jelly!!
You kill the jelly!
Dithmenos accepts your kill.
Your Stealth skill increases to level 2!
Gastronok the Ponderous comes into view.
He is wearing a +0 hat of stealth.
Gastronok gurgles horribly!
Gastronok waves his eye-stalks in wide circles.
The air twists around and strikes you!!
Gastronok is nearby!
Gastronok is nearby!
Found a stone staircase leading down.
Gastronok waves his eye-stalks in wide circles.
The air twists around and strikes you! Gastronok bites you but does no damage.
You mangle Gastronok!!
Gastronok is lightly wounded.
You scratch Gastronok.
Gastronok is lightly wounded.
You mangle Gastronok!!
Gastronok is moderately wounded.
Gastronok waves his eye-stalks in wide circles.
The air twists around and strikes you!!
* * * LOW HITPOINT WARNING * * *
You mangle Gastronok!!
Gastronok is heavily wounded.
You claw Gastronok!
Gastronok is heavily wounded.
Gastronok chants a spell, wobbling all the while.
You claw Gastronok! x2
Gastronok is severely wounded.
The bat barely misses you.
You claw Gastronok!
Gastronok is severely wounded.
The bat closely misses you.
You mangle Gastronok!!
Gastronok is almost dead.
The bat closely misses you. Gastronok bites you!!
You die...

#... ..# #... #.#
. #... #.# ..
####
#####.####...
#..>#........
#####.#.#........
#.....#.#........
# #....@.#
#.##.###bw#
#......#..#
####.#.#....
#.#.##.###
#.#....#..+
######.........
#......#......
#.####.......#


You could see Gastronok and a bat (summoned).

Vanquished Creatures
  A gargoyle (D:7)
  A troll (D:7)
  Prince Ribbit (D:7)
  2 wyverns
  An orc warrior (D:6)
  2 sky beasts
  2 black bears
  2 ogres
  A centaur (D:7)
  A bullfrog (D:6)
  A scorpion (D:6)
  A water moccasin skeleton (D:5)
  7 killer bees (D:8)
  4 howler monkeys
  2 wights (D:8)
  A bullfrog zombie (D:6)
  3 centaur zombies
  4 orc priests
  3 hounds
  3 jellies
  A bullfrog skeleton (D:5)
  A centaur skeleton (D:6)
  4 iguanas
  Crazy Yiuf (D:2)
  7 orc wizards
  7 gnolls (D:5)
  7 adders
  2 ufetubi
  An adder zombie (D:5)
  An adder skeleton (D:4)
  3 worms
  2 dart slugs (D:2)
  19 orcs
  8 bats
  13 endoplasms
  4 giant cockroaches
  6 goblins
  4 hobgoblins
  6 kobolds
  7 quokkas
  4 ball pythons
  2 frilled lizards (D:2)
  A jackal skeleton (D:4)
  A rat (D:2)
155 creatures vanquished.

Notes
Turn   | Place    | Note
-------+----------+-------------------------------------------
     0 | D:1      | pkoi the Troll Gladiator began the quest for the Orb.
     0 | D:1      | Reached XP level 1. HP: 19/19 MP: 0/0
   186 | D:1      | Found a faded altar of an unknown god.
   259 | D:1      | Reached XP level 2. HP: 27/27 MP: 1/1
   514 | D:2      | Reached skill level 4 in Unarmed Combat
   573 | D:2      | Reached XP level 3. HP: 33/33 MP: 2/2
   652 | D:2      | You fall into a shaft and drop 1 floor!
   986 | D:2      | Noticed Sigmund
  1182 | D:3      | Reached XP level 4. HP: 41/41 MP: 3/3
  1185 | D:3      | Found Wesahou's General Store.
  1261 | D:3      | Reached skill level 5 in Unarmed Combat
  1601 | D:2      | Found a runed translucent door.
  1602 | D:2      | Noticed Crazy Yiuf
  1858 | D:2      | Killed Crazy Yiuf
  1859 | D:2      | Reached XP level 5. HP: 24/48 MP: 1/4
  2118 | D:4      | Reached skill level 6 in Unarmed Combat
  2160 | D:4      | Noticed a black bear
  2172 | D:4      | Killed a black bear
  2173 | D:4      | Reached XP level 6. HP: 46/55 MP: 5/5
  2200 | D:4      | Reached skill level 7 in Unarmed Combat
  2626 | D:4      | Reached skill level 8 in Unarmed Combat
  2760 | D:5      | Entered Level 5 of the Dungeon
  2762 | D:5      | Noticed a wyvern
  2772 | D:5      | Killed a wyvern
  2773 | D:5      | Reached XP level 7. HP: 62/62 MP: 6/6
  3018 | D:5      | Reached skill level 1 in Armour
  3060 | D:5      | Reached XP level 8. HP: 72/72 MP: 7/7
  3135 | D:5      | Reached skill level 9 in Unarmed Combat
  3644 | D:6      | Found a transporter.
  3650 | D:6      | Found a transporter.
  3651 | D:6      | Identified the +9 dire flail "Muun" {freeze, rCorr}
  3651 | D:6      | Noticed babuloseo's ghost (amateur HuGl)
  3784 | D:6      | Found a staircase to the Ecumenical Temple.
  3797 | Temple   | Entered the Ecumenical Temple
  3925 | Temple   | Became a worshipper of Dithmenos the Shadowed
  4242 | D:7      | Noticed a gargoyle
  4246 | D:7      | Killed a gargoyle
  4247 | D:7      | Reached skill level 1 in Stealth
  4247 | D:7      | Reached XP level 9. HP: 66/83 MP: 8/8
  4283 | D:7      | Noticed Prince Ribbit
  4367 | D:7      | Killed Prince Ribbit
  4634 | D:7      | Noticed a troll
  4644 | D:7      | Killed a troll
  4953 | D:8      | Found a basalt altar of Yredelemnul.
  4954 | D:8      | Found a white marble altar of Elyvilon.
  4955 | D:8      | Found a hide-covered altar of Uskayaw.
  5098 | D:8      | Reached * piety under Dithmenos
  5387 | D:8      | Noticed Gastronok
  5399 | D:8      | Slain by Gastronok

Illustrated notes

Levels and vault maps discovered:
D:1:      minmay_arrival_five_plusses, layout_rooms,
          ebering_ecumenical_altar_webs
D:2:      layout_loops_ring, serial_bayou_pond_b, uniq_sigmund,
          uniq_crazy_yiuf_cottage
D:3:      layout_loops_ring, serial_shops, shop
D:4:      layout_rooms, minivault_23, grunt_tough_drop
D:5:      layout_basic
D:6:      layout_cave_pools, minmay_temple_entry_offerings,
          gammafunk_ghost_smash
D:7:      layout_gridville, nicolae_overflow_hidden_temple, uniq_prince_ribbit1
D:8:      layout_basic, chequers_temple_overflow_statue_of_worship, uniq_erica,
          uniq_gastronok
Temple:   compressed_dpeg_circular_temple

Skill      XL: |  1  2  3  4  5  6  7  8  9 |
---------------+----------------------------+-----
Unarmed Combat | 4 5 6 8 9 |  9.9
Throwing       | 2 3 4 |  4.6
Fighting       | 2 3 4 |  4.2
Armour         | 1 3 |  3.9
Dodging        | 4 |  4.6
Stealth        | 1 2 |  2.0

Action                   |  1- 3 |  4- 6 |  7- 9 || total
-------------------------+-------+-------+-------++-------
Melee: Unarmed           |    87 |   124 |   236 ||   447
       Punch             |     1 |     4 |    17 ||    22
  Use: Scroll            |       |       |     7 ||     7
       Potion            |       |       |     1 ||     1
 Stab: Sleeping          |     3 |     2 |       ||     5
Armor: Robe              |    38 |    51 |    68 ||   157
Dodge: Dodged            |    55 |    77 |   138 ||   270
